 Dungeon Crawl Stone Soup version 0.30-a0-54-g2e61a25929 (webtiles) character file.

Game seed: 7563487163723141534

232 kae the Firebug (level 5, -15/57 HPs)
             Began as a Demigod Fire Elementalist on Sept 7, 2022.
             Killed from afar by a steam dragon (19 damage)
             ... with a ball of steam
             ... on level 4 of the Dungeon.
             The game lasted 00:03:25 (3847 turns).

kae the Firebug (Demigod Fire Elementalist)         Turns: 3847, Time: 00:03:26

Health: -15/57     AC:  4    Str:  9    XL:     5   Next: 45%
Magic:  6/11       EV: 12    Int: 27    God:
Gold:   176        SH:  0    Dex: 14    Spells: 0/9 levels left

rFire   . . .      SeeInvis .    (no weapon)
rCold   . . .      Faith    .    (no shield)
rNeg    . . .      Spirit   .    a - +1 robe
rPois   +          Reflect  .    (no helmet)
rElec   .          Harm     .    (no cloak)
rCorr   .          Rampage  .    (no gloves)
Will    .....                    o - +0 pair of boots
Stlth   ..........               (no amulet)
HPRegen 0.19/turn                I - +6 ring of intelligence
MPRegen 0.12/turn                P - ring of poison resistance

@: berserking, weak-willed, very quick
A: high MP 1, forlorn, divine attributes
a: no special abilities


You were on level 4 of the Dungeon.
You visited 1 branch of the dungeon, and saw 4 of its levels.

You collected 176 gold pieces.


Innate Abilities, Weirdness & Mutations

You have an increased reservoir of magic. (+10% MP)
You shall have no god before yourself.
Your divine heritage dramatically boosts your attributes as you level up.


   Skills:
 - Level 1.7 Dodging
 - Level 1.7 Stealth
 + Level 2.7 Spellcasting
 * Level 3.3 Conjurations
 * Level 4.2 Fire Magic


You couldn't memorise any spells.
You knew the following spells:

 Your Spells              Type           Power      Damage    Failure   Level
a - Foxfire               Conj/Fire      96%        2x1d8     1%          1
b - Scorch                Fire           52%        2d8       2%          2
c - Conjure Flame         Conj/Fire      24%        6-21      6%          3
d - Inner Flame           Hex/Fire       15%        N/A       12%         3

Your spell library contained the following spells:

 Spells                   Type           Power      Damage    Failure   Level
 Flame Wave               Conj/Fire      24%        2d8       19%         4
 Ozocubu's Armour         Ice            3%         N/A       26%         3
 Metabolic Englaciation   Hex/Ice        1%         N/A       94%         5
 Simulacrum               Ice/Necr       1%         N/A       100%        6

Inventory:

Missiles
 c - 51 stones
 s - 4 poisoned darts
Armour
 a - a +1 robe (worn)
 o - a +0 pair of boots (worn)
   (You found it on level 3 of the Dungeon)
Jewellery
 g - a ring of willpower
   (You found it on level 1 of the Dungeon)
 i - a +6 ring of intelligence
   (You found it on level 2 of the Dungeon)
 v - a ring of see invisible
   (You found it on level 1 of the Dungeon)
 D - a +6 ring of dexterity
   (You found it on level 2 of the Dungeon)
 I - a +6 ring of intelligence (left hand)
   (You found it on level 1 of the Dungeon)
 P - a ring of poison resistance (right hand)
   (You found it on level 1 of the Dungeon)
Scrolls
 e - a scroll of enchant armour
Potions
 b - 3 potions of magic
 d - a potion of heal wounds {unknown}
 f - a potion of might {unknown}
 h - a potion of resistance {unknown}
 l - 2 potions of attraction {!q}
 m - a potion of mutation {!q}
 p - a potion of brilliance {unknown}
 r - a potion of degeneration {unknown}

Dungeon Overview and Level Annotations

Branches:
Dungeon (4/15) Zot: 20154  Temple (0/1) D:4

Annotations:
D:2 1 runed translucent door, Crazy Yiuf

..#.# ##.....#####.####.# ....#
##.................# ....#
#.............####.#
.##.#########.......#########.#
..........####................#
#.#######.............######..#
# #.# ########§#.##.# #..###
#.# #§#§##.# #..... #.#
#@#.##.# ##.### #.# ###D#§##..
..... #.# #..sh§#### .. #.#
#.###.###### ## #.# ...
#..h...# #.# ### #.####.# #.#
...# #.# #.#.# #.# #.#.#


You could see a steam dragon (catching breath, weak-willed), a black bear
(berserk, weak-willed) and a scorpion.


Message History

You regained 2 mp, and now have 9/11 mp.
Casting: Scorch (safe; 2% risk of failure)
Confirm with . or Enter, or press ? or * to list all spells.
You can't see any susceptible monsters within range! (Use Z to cast anyway.)
You see here a +4 flail. 😎 MP[+2]
Your mp is fully restored (11).
r - a white potion
Found a staircase to the Ecumenical Temple.
c - 51 stones (gained 6)
s - 4 poisoned darts A black bear comes into view.
A black bear is nearby!
A black bear is nearby!
A black bear is nearby!
The black bear growls angrily.
Casting: Scorch (safe; 2% risk of failure)
Confirm with . or Enter, or press ? or * to list all spells.
The fire begins to smoulder! 😎 MP[-3]
You lost 3 mp, and now have 8/11 mp.
The fire ignites!
Casting: Conjure Flame (dangerous; 6% risk of failure)
Confirm with . or Enter, or press ? or * to list all spells.
Flames lash the black bear.
The black bear's fire resistance burns away.
You hear an angry hiss.
A steam dragon comes into view. 😎 MP[-2]
You lost 2 mp, and now have 6/11 mp.
Casting: Scorch (safe; 2% risk of failure)
Confirm with . or Enter, or press ? or * to list all spells.
Flames lash the steam dragon but do no damage.
The steam dragon breathes steam at you.
The ball of steam hits you! 😮 HP[-11] MP[-2]
You take 11 damage, and now have 27/38 hp.
MASSIVE DAMAGE!! (PAUSE)
You lost 2 mp, and now have 4/11 mp.
The black bear is no longer more vulnerable to fire.
As you read the scroll labelled LUPSAUSIEG, it crumbles to dust.
Magic quickly surges around you.
It was a scroll of vulnerability.
The steam dragon breathes steam at you. The ball of steam hits you!
* * * LOW HITPOINT WARNING * * *
😨 HP[-9]
You take 9 damage, and now have 18/38 hp.
MASSIVE DAMAGE!! (PAUSE)
As you read the scroll labelled VOQIAKH CUZXU, it crumbles to dust.
It is a scroll of brand weapon.
You aren't carrying any weapons that can be branded.
You are engulfed in a cloud of scalding steam.
* * * LOW HITPOINT WARNING * * *
The steam dragon breathes steam at you. The ball of steam hits you!
* * * LOW HITPOINT WARNING * * *
😱 HP[-16] MP[+1]
You take 16 damage, and now have 2/38 hp.
MASSIVE DAMAGE!! (PAUSE)
A scorpion comes into view.
Okay, then.
It was a potion of curing.
You feel better.
The black bear is engulfed in a cloud of scalding steam. 😨 HP[+11]
You regained 11 hp, and now have 13/38 hp.
Okay, then.
Really quaff
j - a potion of berserk rage {!q}?
A red film seems to cover your vision as you go berserk!
You feel yourself moving faster!
You feel mighty! The steam dragon closely misses you.
The steam dragon claws you.
* * * LOW HITPOINT WARNING * * *
The black bear is engulfed in a cloud of scalding steam. 😱 HP[+1]
You now have 57 max hp (+19).
You hit the steam dragon. You hit the steam dragon.
The steam dragon breathes steam at you. The ball of steam hits you.
* * * LOW HITPOINT WARNING * * *
The black bear goes berserk! 😱 HP[-3]
You take 3 damage, and now have 11/57 hp.
You barely miss the steam dragon.
You are engulfed in a cloud of scalding steam.
* * * LOW HITPOINT WARNING * * *
😱 HP[-4]
You take 4 damage, and now have 7/57 hp.
You closely miss the steam dragon.
You are engulfed in a cloud of scalding steam.
* * * LOW HITPOINT WARNING * * *
The steam dragon bites you but does no damage.
The steam dragon barely misses you. 😱 HP[-1] MP[+1]
You take 1 damage, and now have 6/57 hp.
You closely miss the steam dragon.
You are engulfed in a cloud of scalding steam.
* * * LOW HITPOINT WARNING * * *
The steam dragon breathes steam at you. The ball of steam hits you!!
You die...

Skill      XL: |  1  2  3  4 |
---------------+-------------+-----
Conjurations   | 1 2 3 |  3.3
Fire Magic     | 3 4 |  4.2
Spellcasting   | 2 |  2.7
Dodging        | |  1.7
Stealth        | |  1.7

Action                   |  1- 3 |  4- 6 || total
-------------------------+-------+-------++-------
Melee: Unarmed           |    12 |     5 ||    17
 Cast: Foxfire           |    56 |    59 ||   115
       Scorch            |    20 |     9 ||    29
       Conjure Flame     |       |     1 ||     1
  Use: Scroll            |     1 |     8 ||     9
       Potion            |       |     2 ||     2
Armor: Robe              |     8 |     1 ||     9
Dodge: Dodged            |    31 |     8 ||    39

Levels and vault maps discovered:
D:1:      lightli_arrival_quake, layout_basic,
          hellmonk_ecumenical_altar_lost_god, serial_forest,
          infiniplex_forest_lined_3_way, infiniplex_forest_straight_2,
          infiniplex_forest_corner_1, infiniplex_forest_corner_2,
          infiniplex_forest_clump_long, infiniplex_forest_clump_medium,
          hangedman_decor_growths
D:2:      layout_loops_ring, patterned_corridor, uniq_crazy_yiuf_cottage,
          uniq_natasha
D:3:      layout_rooms
D:4:      layout_loops_ring, temple_hall

Notes
Turn   | Place    | Note
-------+----------+-------------------------------------------
     0 | D:1      | kae the Demigod Fire Elementalist began the quest for the
                  | Orb.
     0 | D:1      | Reached XP level 1. HP: 14/14 MP: 5/5
     0 | D:1      | magus.rc [v1.11.3]
    48 | D:1      | Reached skill level 1 in Conjurations
   361 | D:1      | Reached XP level 2. HP: 20/20 MP: 5/7
   367 | D:1      | Reached skill level 3 in Fire Magic
   482 | D:1      | Reached skill level 2 in Spellcasting
   960 | D:1      | Learned a level 2 spell: Scorch
  1425 | D:2      | Reached XP level 3. HP: 18/26 MP: 1/8
  1429 | D:2      | Learned a level 3 spell: Conjure Flame
  1699 | D:2      | Reached skill level 2 in Conjurations
  2169 | D:2      | Noticed Natasha
  2173 | D:2      | Killed Natasha
  2237 | D:2      | Found a runed translucent door.
  2238 | D:2      | Noticed Crazy Yiuf
  2410 | D:2      | Noticed Natasha
  2430 | D:2      | Killed Natasha
  2431 | D:2      | Reached XP level 4. HP: 33/33 MP: 6/10
  2587 | D:3      | You pick up a book of Winter and begin reading...
  2587 | D:3      | You add the spells Ozocubu's Armour, Metabolic Englaciation
                  | and Simulacrum to your library.
  3108 | D:3      | Reached skill level 3 in Conjurations
  3112 | D:3      | Reached skill level 4 in Fire Magic
  3112 | D:3      | Reached XP level 5. HP: 32/38 MP: 1/11
  3123 | D:3      | Learned a level 3 spell: Inner Flame
  3737 | D:4      | Found a staircase to the Ecumenical Temple.
  3827 | D:4      | Noticed a black bear
  3831 | D:4      | Noticed a steam dragon
  3837 | D:4      | HP: 2/38 [steam dragon/ball of steam (9)]
  3842 | D:4      | HP: 14/57 [steam dragon (5)]
  3846 | D:4      | HP: 6/57 [steam dragon] (1)]
  3847 | D:4      | Killed from afar by a steam dragon

Vanquished Creatures
  A howler monkey (D:4)
  Natasha (twice) (D:2)
  6 adders
  An ufetubus (D:4)
  3 worms
  3 dart slugs
  5 orcs
  5 ball pythons
  8 endoplasms
  2 giant cockroaches
  8 goblins
  3 hobgoblins (D:1)
  4 jackals (D:2)
  2 quokkas
  5 bats
  2 frilled lizards
  5 kobolds
  7 rats
72 creatures vanquished.

Vanquished Creatures (collateral kills)
  2 foxfires (D:1)
2 creatures vanquished.

Vanquished Creatures (others)
  202 foxfires
202 creatures vanquished.

Grand Total: 276 creatures vanquished

Table legend:
 A = Non-vault XP
 B = Vault XP
 C = Vault XP percentage of total XP
 D = Non-vault monster count
 E = Vault monster count
 F = Vault count percentage of total count
                 A         B        C        D         E       F
            +---------+---------+-------+---------+---------+-------
      Total |     299 |      33 |   9.9 |      71 |       1 |   1.4
            +---------+---------+-------+---------+---------+-------
        D:1 |      33 |       0 |   0.0 |      21 |       0 |   0.0
        D:2 |      82 |      33 |  28.7 |      19 |       1 |   5.0
        D:3 |      89 |       0 |   0.0 |      23 |       0 |   0.0
        D:4 |      95 |       0 |   0.0 |       8 |       0 |   0.0
            +---------+---------+-------+---------+---------+-------

Illustrated notes

Table legend:
 A = Kills in this place as a percentage of kills in entire the game.
 B = Kills by you in this place as a percentage of kills by you in the entire game.
 C = Kills by friends in this place as a percentage of kills by friends in the entire game.
 D = Other kills in this place as a percentage of other kills in the entire game.
 E = Experience gained in this place as a percentage of experience gained in the entire game.
 F = Experience gained in this place divided by the number of levels of this place that you have seen.
                   A       B       C       D       E      F
               +-------+-------+-------+-------+-------+----------------------
         Total | 100.0 | 100.0 |   N/A |   N/A | 100.0 |  83.0
       Dungeon | 100.0 | 100.0 |   N/A |   N/A | 100.0 |  83.0
               +-------+-------+-------+-------+-------+----------------------

Table legend: (Time is in decaauts)
 A = Elapsed time spent in this place.
 B = Non-inter-level travel time spent in this place.
 C = Inter-level travel time spent in this place.
 D = Time resting spent in this place.
 E = Time spent auto-exploring this place.
 F = Levels seen in this place.
 G = Mean time per level.
                   A        B        C        D        E       F      G
               +--------+--------+--------+--------+--------+-----+--------+
         Total |   3844 |   3798 |     46 |    116 |   3160 |   4 |  961.0 |
       Dungeon |   3844 |   3798 |     46 |    116 |   3160 |   4 |  961.0 |
               +--------+--------+--------+--------+--------+-----+--------+

Top non-repeatable levels by time:
     D:2: 1384 daAuts
     D:1: 1180 daAuts
     D:3: 810 daAuts
     D:4: 469 daAuts
